Map: Akropolis LE

Players

aeox - Winner!

  • Race: Protoss Protoss
  • League: Gold
  • Spawn Location: 11:00

K.I.-1 (Extrem)

  • Race: Zerg Zerg
  • Spawn Location: 5:00

VOD

Have the link to the VOD?

Description

Time

  • Played on: Nov. 14, 2019, 4:30 p.m.
  • Length: 5:18
Show
View Real Time Build Order
Export as new Build Order

aeox Protoss - Winner!

Build Orders:  

Get SALT Encoding   

  12  0:01  Probe  
  13  0:13  Probe  
  14  0:18  Pylon  
  14  0:25  Probe (Chrono Boost)  
  15  0:38  Probe (Chrono Boost)  
  15  0:39  Gateway  
  16  0:46  Assimilator  
  16  0:52  Assimilator  
  16  0:56  Probe (Chrono Boost)  
  17  1:08  Probe (Chrono Boost)  
  18  1:14  Probe (Chrono Boost)  
  19  1:22  Pylon  
  19  1:27  Cybernetics Core  
  19  1:35  Probe  
  20  1:47  Probe  
  21  1:59  Probe  
  22  2:08  Robotics Facility x2  
  22  2:11  Probe  
  22  2:14  Warp Gate  
  23  2:19  Adept  
  25  2:24  Probe  
  26  2:46  Pylon  
  30  2:59  Immortal (Chrono Boost)  
  34  3:08  Immortal (Chrono Boost)  
  34  3:22  Pylon  
  34  3:35  Immortal  
  38  3:47  Immortal  
  42  4:14  Immortal  
  46  4:20  Pylon  
  44  4:38  Immortal  
Show
View Real Time Build Order
Export as new Build Order

K.I.-1 (Extrem) Zerg 

Build Orders: Pool First 

Get SALT Encoding   

  12  0:00  Drone  
  13  0:12  Overlord  
  13  0:16  Drone  
  14  0:30  Drone  
  15  0:38  Spawning Pool  
  15  0:40  Drone  
  15  0:44  Drone  
  15  0:48  Drone  
  17  0:52  Extractor  
  17  0:55  Drone  
  17  1:06  Drone  
  18  1:17  Drone  
  19  1:26  Queen  
  19  1:28  Zergling x2  
  19  1:30  Roach Warren  
  21  1:38  Overlord  
  21  1:49  Drone  
  22  1:59  Overlord  
  22  2:11  Roach  
  24  2:21  Roach  
  26  2:27  Hatchery  
  25  2:33  Roach x2, Drone  
  30  2:43  Roach  
  32  2:54  Roach  
  34  3:05  Overlord, Roach x2  
  38  3:23  Roach x2  
  42  3:27  Roach  
  44  3:36  Overlord  
  44  3:37  Roach  
  44  3:38  Roach  
  44  3:41  Roach  
  46  3:45  Zergling x2  
  38  3:54  Roach  
  34  3:59  Zergling x2  
  31  4:05  Drone  
  31  4:12  Drone  
  32  4:18  Drone  
  19  4:48  Zergling x2  
  18  4:59  Hatchery  
Tags
 
League
Gold
Matchup
PvZ
Opening
Pool First
Spawn Locations
Cross Positions
Add a new tag
Caveats
  • Supply blocks, unpowered buildings, or Contaminate may cause inaccurate times.
  • Supply counts are checked every 10 seconds.